 Dungeon Sprint DCSS version 0.27-a0-498-g7ecbb0a48f (webtiles) character file.

Game seed: 7615429176293952810

17636 mhtbhm the Severer (level 12, -4/124 HPs)
             Began as a Minotaur Fighter on Mar 2, 2021.
             Was the Champion of Trog.
             Slain by a spriggan druid
             ... wielding a +0 quarterstaff
              (8 damage)
             ... while petrified by a basilisk
             ... in the Dungeon (Sprint VII: "The Pits") on Mar 3, 2021.
             The game lasted 00:06:47 (3249 turns).

mhtbhm the Severer (Minotaur Fighter)               Turns: 3249, Time: 00:06:49

Health: -4/124     AC:  4    Str: 26    XL:     12   Next: 20%
Magic:  6/11       EV:  2    Int:  5    God:    Trog [******]
Gold:   75         SH:  0    Dex: 16    Spells: 11/11 levels left

rFire    + . .     SeeInvis .   a - +4 broad axe (vorpal)
rCold    + . .     Faith    .   c - +0 kite shield
rNeg     + + +     Spirit   .   b - +2 scale mail {rC+}
rPois    ∞         Reflect  .   (helmet restricted)
rElec    .         Harm     .   (no cloak)
rCorr    .         Rampage  .   (no gloves)
Will     .....     NoTele   +   (no boots)
Stlth    +.........             (no amulet)
HPRegen  0.30/turn              x - +6 ring of dexterity
MPRegen  0.12/turn              z - ring of protection from fire

@: petrified, corroded, berserk cooldown, slowed
A: horns 2, retaliatory headbutt
a: Renounce Religion, Berserk, Trog's Hand, Brothers in Arms


You were in the Dungeon.
You worshipped Trog.
Trog was exalted by your worship.
You visited 1 branch You collected 75 gold pieces.

Inventory:

Hand Weapons
 a - a +4 vorpal broad axe (weapon)
Missiles
 p - 2 poisoned darts (quivered)
 q - a throwing net
 s - 18 javelins
Armour
 b - a +2 scale mail of cold resistance (worn)
 c - a +0 kite shield (worn)
Jewellery
 x - a +6 ring of dexterity (left hand)
 y - a ring of protection from cold
 z - a ring of protection from fire (right hand)
Wands
 r - a wand of digging (5)
Scrolls
 j - a scroll of blinking
 l - a scroll of summoning
 t - 2 scrolls of identify
 u - 3 scrolls of fear
 v - 6 scrolls of fog
Potions
 d - 6 potions of might
 e - 7 potions of curing
 f - 18 potions of heal wounds
 g - a potion of haste
 h - 4 potions of magic
 i - 4 potions of berserk rage
 k - 2 potions of invisibility
 o - 2 potions of resistance
 w - 2 potions of mutation


   Skills:
 + Level 16.7 Fighting
 + Level 20.4 Axes
 + Level 16.2 Armour
 + Level 7.2 Dodging
 + Level 1.3 Stealth
 + Level 17.0 Shields


You had 11 spell levels left.
You didn't know any spells.
Your spell library was empty.

Dungeon Overview and Level Annotations

Branches:
Dungeon (1/1)

Altars:
Ashenzari
Cheibriados
Dithmenos
Elyvilon
Fedhas
Gozag
Hepliaklqana
Kikubaaqudgha
Makhleb
Nemelex Xobeh
Okawaru
Qazlal
Ru
Sif Muna
Trog
Uskayaw
Vehumet
Wu Jian
Xom
Yredelemnul
Zin
The Shining One
Beogh
Jiyva
Lugonu


Innate Abilities, Weirdness & Mutations

You have a pair of horns on your head.
You reflexively headbutt those who attack you in melee.


Message History

You are engulfed in calcifying dust.
The catoblepas gores your stone giant!!
Your stone giant is engulfed in calcifying dust.
The spriggan rider hits you from afar with a +1 spear of flaming!
The spriggan rider burns you.
The water elemental is engulfed in calcifying dust.
The chaos spawn is engulfed in calcifying dust.
Your cyclops hits the alligator snapping turtle!!!
The spriggan druid hits you with a +0 quarterstaff!
* * * LOW HITPOINT WARNING * * *
The water elemental is engulfed in calcifying dust.
The basilisk bites you!
* * * LOW HITPOINT WARNING * * *
You are engulfed in calcifying dust.
You are no longer berserk.
You feel yourself slow down.
Your stone giant is engulfed in calcifying dust.
The catoblepas breathes a plume of calcifying dust at you.
The blast of calcifying dust hits your stone giant but does no damage.
The blast of calcifying dust hits you!
* * * LOW HITPOINT WARNING * * *
The blast of calcifying dust hits the chaos spawn.
The blast of calcifying dust hits the water elemental.
The spriggan rider hits you but does no damage.
The alligator snapping turtle bites you from afar!!
* * * LOW HITPOINT WARNING * * *
Your cyclops hits the alligator snapping turtle!
The chaos spawn is engulfed in calcifying dust.
The water elemental is engulfed in calcifying dust.
The spriggan druid hits you with a +0 quarterstaff!
* * * LOW HITPOINT WARNING * * *
Your stone giant is engulfed in calcifying dust.
The basilisk gazes at you. The catoblepas gores your stone giant!
The spriggan rider completely misses you.
Your cyclops hits the alligator snapping turtle!!
Your stone giant is engulfed in calcifying dust.
The chaos spawn is engulfed in calcifying dust.
The alligator snapping turtle bites your cyclops!
The spriggan druid hits you with a +0 quarterstaff!
You die...

+..........# +..........#
#..#....#..# #..........+
#..........+ ###k'####''#
###Yt####''#########
#.iCC..##...........
#.#@##.##...........
#.#4l'.##.)######### #
iE}#.##).# .#§:' ##).#
#++###########.+=.#. #..#
........##..## ##+#.##..#
.#......##..# ##..#
........''..# #..#
........''..##########..#


You could see an alligator snapping turtle (ally target), a catoblepas (ally
target), a spriggan rider, a wind drake (repels missiles), a spriggan druid, a
water elemental (petrified), a basilisk, a chaos spawn (petrified), a friendly
stone giant (summoned, berserk, petrified) and a friendly cyclops (summoned,
berserk).

Vanquished Creatures
  An emperor scorpion (D)
  A minotaur (D)
  A great orb of eyes (D)
  A hydra (D)
  A boulder beetle (D)
  A vault guard (D)
  Urug (D)
  An unseen horror (D)
  A phantasmal warrior (D)
  An orc knight (D)
  An orc sorcerer (D)
  An elephant (D)
  A cane toad (D)
  A komodo dragon (D)
  A rime drake (D)
  3 kobold demonologists (D)
  An efreet (D)
  An ice devil (D)
  2 polar bears (D)
  A merfolk (D)
  7 blink frogs (D)
  6 dream sheep (D)
  A snapping turtle (D)
  2 flying skulls (D)
  3 redbacks (D)
  A spriggan (D)
  A wraith (D)
  A steam dragon (D)
  An acid dragon (D)
  A soldier ant (D)
  4 hell hounds (D)
  Purgy (D)
  6 orc warriors (D)
  A swamp drake (D)
  A black bear (D)
  2 eyes of draining (D)
  2 centaurs (D)
  A kobold brigand (D)
  A gnoll sergeant (D)
  An iron imp (D)
  2 gnoll shamans (D)
  An orc priest (D)
  2 jellies (D)
  An iguana (D)
  An orc wizard (D)
  2 hell rats (D)
  2 mummies (D)
  13 gnolls (D)
  An ufetubus (D)
  2 oozes (D)
  An adder zombie (D)
  A leopard gecko (D)
  7 orcs (D)
  A bat (D)
  4 jackals (D)
  2 ball pythons (D)
  3 kobolds (D)
  2 rats (D)
115 creatures vanquished.

Vanquished Creatures (collateral kills)
  A boulder beetle (D)
  An anaconda (D)
  A phantasmal warrior (D)
  A rust devil (D)
  A blink frog (D)
  A necrophage (D)
6 creatures vanquished.

Vanquished Creatures (others)
  An orc (D)
1 creature vanquished.

Grand Total: 122 creatures vanquished

Notes
Turn   | Place    | Note
-------+----------+-------------------------------------------
     0 | D        | mhtbhm the Minotaur Fighter began the quest for the Orb.
     0 | D        | Reached XP level 1. HP: 19/19 MP: 0/0
    17 | D        | Found a bloodstained altar of Trog.
    17 | D        | Found a shimmering blue altar of Sif Muna.
    17 | D        | Found a viscous altar of Jiyva.
    17 | D        | Found a hazy altar of Hepliaklqana.
    17 | D        | Found an opulent altar of Gozag.
    18 | D        | Found a glowing golden altar of the Shining One.
    18 | D        | Found a glowing silver altar of Zin.
    18 | D        | Found a basalt altar of Yredelemnul.
    18 | D        | Found a shimmering altar of Xom.
    18 | D        | Found an ornate altar of the Wu Jian Council.
    18 | D        | Found a sacrificial altar of Ru.
    18 | D        | Found a stormy altar of Qazlal.
    18 | D        | Found an iron altar of Okawaru.
    18 | D        | Found a sparkling altar of Nemelex Xobeh.
    18 | D        | Found a burning altar of Makhleb.
    18 | D        | Found a blossoming altar of Fedhas.
    18 | D        | Found a white marble altar of Elyvilon.
    18 | D        | Found a shadowy altar of Dithmenos.
    18 | D        | Found a snail-covered altar of Cheibriados.
    20 | D        | Found a radiant altar of Vehumet.
    20 | D        | Found a corrupted altar of Lugonu.
    20 | D        | Found a roughly hewn altar of Beogh.
    22 | D        | Became a worshipper of Trog the Wrathful
    83 | D        | Reached * piety under Trog
   117 | D        | Reached ** piety under Trog
   118 | D        | Reached XP level 2. HP: 28/28 MP: 1/1
   119 | D        | Reached skill level 3 in Axes
   119 | D        | Reached skill level 5 in Shields
   123 | D        | Noticed Purgy
   130 | D        | Killed Purgy
   131 | D        | Reached skill level 5 in Axes
   131 | D        | Reached XP level 3. HP: 38/38 MP: 2/2
   131 | D        | Reached XP level 4. HP: 45/45 MP: 3/3
   133 | D        | Reached *** piety under Trog
   250 | D        | Noticed an orc warrior
   251 | D        | Noticed a flying skull
   263 | D        | Killed an orc warrior
   264 | D        | Reached skill level 7 in Axes
   264 | D        | Reached XP level 5. HP: 53/53 MP: 4/4
   268 | D        | Killed a flying skull
   268 | D        | Reached **** piety under Trog
   269 | D        | Reached skill level 8 in Axes
   269 | D        | Reached skill level 1 in Dodging
   269 | D        | Reached XP level 6. HP: 52/62 MP: 5/5
   271 | D        | Reached skill level 9 in Axes
   281 | D        | Reached ***** piety under Trog
   282 | D        | Reached skill level 10 in Armour
   305 | D        | Reached XP level 7. HP: 42/70 MP: 6/6
   317 | D        | Noticed an orc sorcerer
   321 | D        | Noticed an ice devil
   323 | D        | Killed an orc sorcerer
   324 | D        | Reached skill level 10 in Fighting
   324 | D        | Reached skill level 11 in Axes
   324 | D        | Reached skill level 10 in Shields
   362 | D        | Noticed a flying skull
   376 | D        | Killed a flying skull
   377 | D        | Reached XP level 8. HP: 45/79 MP: 7/7
   377 | D        | Received a gift from Trog
   447 | D        | Noticed a komodo dragon
   456 | D        | Killed a komodo dragon
   457 | D        | Reached skill level 12 in Axes
   543 | D        | Got the +1 broad axe of the Messenger {antimagic, rC+
                  | Int+6}
   608 | D        | Found a hide-covered altar of Uskayaw.
   608 | D        | Found an ancient bone altar of Kikubaaqudgha.
   608 | D        | Found a broken altar of Ashenzari.
   631 | D        | Noticed a cane toad
   634 | D        | Killed a cane toad
   634 | D        | Reached ****** piety under Trog
   635 | D        | Reached skill level 13 in Axes
   654 | D        | Noticed a boulder beetle
   666 | D        | Killed a boulder beetle
   667 | D        | Reached skill level 14 in Axes
   667 | D        | Reached XP level 9. HP: 89/89 MP: 2/8
   761 | D        | Noticed a kobold demonologist
   767 | D        | Killed a kobold demonologist
   768 | D        | Reached skill level 15 in Axes
   945 | D        | Received a gift from Trog
   950 | D        | Noticed an ice devil
   956 | D        | Killed an ice devil
   962 | D        | Noticed a merfolk
   970 | D        | Received a gift from Trog
   981 | D        | Killed a merfolk
   982 | D        | Reached skill level 16 in Axes
  1109 | D        | Noticed an emperor scorpion
  1132 | D        | Killed an emperor scorpion
  1133 | D        | Reached XP level 10. HP: 66/100 MP: 3/9
  1457 | D        | Noticed an elephant
  1463 | D        | Noticed a boulder beetle
  1464 | D        | Reached skill level 17 in Axes
  1469 | D        | Killed an elephant
  1471 | D        | Noticed a phantasmal warrior
  1481 | D        | Killed a phantasmal warrior
  1484 | D        | Identified the +4 hand axe "Coad" {vorpal, rElec} (Trog
                  | gifted it to you in the Dungeon)
  1484 | D        | Received a gift from Trog
  1484 | D        | Killed a boulder beetle
  1487 | D        | Reached skill level 18 in Axes
  1667 | D        | Noticed a phantasmal warrior
  1677 | D        | Killed a phantasmal warrior
  1685 | D        | Reached XP level 11. HP: 37/108 MP: 3/10
  1687 | D        | Received a gift from Trog
  2057 | D        | Reached skill level 15 in Armour
  2060 | D        | Identified the +5 battleaxe "Fafizosi" {flame, SInv} (Trog
                  | gifted it to you in the Dungeon)
  2060 | D        | Received a gift from Trog
  2068 | D        | Identified the +3 war axe "Jiuvvuta" {vorpal, rC+} (Trog
                  | gifted it to you in the Dungeon)
  2068 | D        | Received a gift from Trog
  2070 | D        | Noticed a minotaur
  2070 | D        | Noticed Urug
  2072 | D        | Reached skill level 5 in Dodging
  2074 | D        | Received a gift from Trog
  2079 | D        | Reached skill level 19 in Axes
  2087 | D        | Killed a minotaur
  2088 | D        | Reached skill level 15 in Shields
  2098 | D        | Killed Urug
  2483 | D        | Received a gift from Trog
  2483 | D        | Noticed an orc knight
  2485 | D        | Reached skill level 15 in Fighting
  2497 | D        | Killed an orc knight
  2501 | D        | Received a gift from Trog
  2723 | D        | Noticed a four-headed hydra
  2734 | D        | Killed an eight-headed hydra
  2943 | D        | Noticed a great orb of eyes
  2947 | D        | Paralysed by a great orb of eyes for 3 turns
  2953 | D        | Killed a great orb of eyes
  2954 | D        | Reached skill level 20 in Axes
  2955 | D        | Received a gift from Trog
  2956 | D        | Reached skill level 1 in Stealth
  3003 | D        | Reached XP level 12. HP: 92/122 MP: 11/11
  3229 | D        | Noticed a vault guard
  3229 | D        | Noticed a catoblepas
  3234 | D        | Received a gift from Trog
  3236 | D        | Noticed an anaconda
  3239 | D        | Killed a vault guard
  3242 | D        | Noticed an alligator snapping turtle
  3246 | D        | Killed an anaconda
  3248 | D        | HP: 3/124 [spriggan druid/+0 quarterstaff (5)]
  3249 | D        | Slain by a spriggan druid

Illustrated notes

Levels and vault maps discovered:
D:        pitsprint [storerooms_1, entrance_room_1, metal_vault_6, armoury_1,
          mini_pit_1, grid_room_1, main_hall_1, silver_pit, the_coven_3,
          the_vestibule_1, steel_vault_3, golden_pit, hallway_of_sentries,
          crystal_vault_4, iron_vault_3, final_vault]

Skill      XL: |  1  2  3  4  5  6  7  8  9 10 11 12 |
---------------+-------------------------------------+-----
Fighting       | 4 6 7 8 9 10 11 12 13 16 | 16.7
Armour         | 4 6 8 9 10 11 13 14 16 | 16.2
Shields        | 4 7 8 9 10 12 13 14 16 17 | 17.0
Axes           | 5 7 8 9 11 14 16 18 20 | 20.4
Dodging        | 1 2 3 4 6 7 |  7.2
Stealth        | 1 |  1.3

Action                   |  1- 3 |  4- 6 |  7- 9 | 10-12 || total
-------------------------+-------+-------+-------+-------++-------
Melee: Hand axe          |    15 |    36 |    33 |       ||    84
       Headbutt          |     4 |     6 |    19 |    38 ||    67
       War axe           |     1 |       |       |       ||     1
       Broad axe         |       |       |    82 |   141 ||   223
Invok: Berserk           |     1 |     1 |     5 |     7 ||    14
       Brothers in Arms  |       |       |       |     3 ||     3
Armor: Scale mail        |    13 |       |       |    22 ||    35
       Chain mail        |       |    13 |    37 |    30 ||    80
Dodge: Dodged            |     8 |     7 |    20 |    34 ||    69
Block: Kite shield       |    10 |    13 |    47 |    92 ||   162

Table legend: (Time is in decaauts)
 A = Elapsed time spent in this place.
 B = Non-inter-level travel time spent in this place.
 C = Inter-level travel time spent in this place.
 D = Time resting spent in this place.
 E = Time spent auto-exploring this place.
 F = Levels seen in this place.
 G = Mean time per level.
                   A        B        C        D        E       F      G
               +--------+--------+--------+--------+--------+-----+--------+
         Total |   3303 |   3303 |      0 |   2282 |    126 |   1 | 3303.0 |
       Dungeon |   3303 |   3303 |      0 |   2282 |    126 |   1 | 3303.0 |
               +--------+--------+--------+--------+--------+-----+--------+

Top non-repeatable levels by time:
       D: 3303 daAuts
